 Dungeon Crawl Stone Soup version 0.29-a0-555-g3b24f45cc1 (webtiles) character file.

Game seed: 16898942123394383517

168 vulpzor the Insei (level 5, 0/34 HPs)
             Began as an Octopode Transmuter on June 7, 2022.
             Was an Initiate of Makhleb.
             Succumbed to a water moccasin's poison
             ... in a sewer.
             The game lasted 00:09:38 (2675 turns).

vulpzor the Insei (Octopode Transmuter)             Turns: 2675, Time: 00:09:39

Health: 0/34       AC:  1    Str:  9    XL:     5   Next: 49%
Magic:  7/8        EV: 13    Int: 18    God:    Makhleb [......]
Gold:   99         SH:  0    Dex: 12    Spells: 7/8 levels left

rFire   . . .      SeeInvis .     - Unarmed
rCold   . . .      Faith    .   (no shield)
rNeg    . . .      Spirit   .   (helmet restricted)
rPois   .          Reflect  .   (no amulet)
rElec   .          Harm     .   (no ring)
rCorr   .          Rampage  .   (no ring)
Will    .....                   (no ring)
Stlth   +++.......              (no ring)
HPRegen 0.11/turn               (no ring)
MPRegen 0.11/turn               (no ring)
                                (no ring)
                                (no ring)

@: lethally poisoned (0 -> -3)
A: almost no armour, amphibious, 8 rings, camouflage 1, gelatinous body 1,
(nimble swimmer 1), tentacles
a: Renounce Religion


You were in a sewer.
You worshipped Makhleb.
Makhleb was noncommittal.
You visited 1 branch of the dungeon, and saw 3 of its levels.
You also visited: Sewer.

You collected 99 gold pieces.

Inventory:

Missiles
 d - 94 stones
 j - 2 poisoned darts
Scrolls
 g - 2 scrolls of fog {unknown}
 i - a scroll of teleportation {unknown}
Potions
 b - a potion of haste
 c - a potion of brilliance
 e - a potion of cancellation
 f - a potion of berserk rage
 h - a potion of curing {unknown}
 k - a potion of might {unknown}


   Skills:
 + Level 1.7 Fighting
 + Level 2.7 Dodging
 + Level 3.3 Stealth
 + Level 4.5 Unarmed Combat
 + Level 2.2 Spellcasting
 + Level 2.1 Transmutations


You had 7 spell levels left.
You knew the following spells:

 Your Spells              Type           Power      Damage    Failure   Level
a - Beastly Appendage     Tmut           18%        N/A       8%          1

Your spell library contained the following spells:

 Spells                   Type           Power      Damage    Failure   Level
 Wereblood                Tmut           9%         N/A       11%         2
 Freeze                   Ice            8%         1d3       19%         1
 Spider Form              Tmut/Pois      5%         N/A       34%         3
 Call Canine Familiar     Summ           2%         N/A       47%         3
 Frozen Ramparts          Ice            4%         1d2       47%         3
 Portal Projectile        Hex/Tloc       4%         N/A       47%         3
 Ice Form                 Ice/Tmut       5%         N/A       75%         4
 Hailstorm                Conj/Ice       2%         3d3       87%         4
 Leda's Liquefaction      Hex/Erth       1%         N/A       87%         4


Dungeon Overview and Level Annotations

Branches:
Dungeon (3/15)              Sewer (1/1)

Altars:
Makhleb
Lugonu


Innate Abilities, Weirdness & Mutations

You cannot wear most types of armour.
You are amphibious.
You can wear up to eight rings at the same time.
Your skin changes colour to match your surroundings (Stealth+).
Your rubbery body absorbs attacks. (AC +1, EV +1)
((You are camouflaged when in or above water. (Stealth+)))
You have tentacles for arms and can constrict up to eight enemies at once.


Message History

You pierce the water moccasin, but do no damage.
The water moccasin is moderately wounded.
You constrict the water moccasin.
You feel sick. The water moccasin bites you.
* * * LOW HITPOINT WARNING * * *
Really quaff the potion of lignification? [Y]es or [N]o only, please.
Really quaff the potion of lignification?
Your tentacle spike disappears.
You turn into a tree.
Your roots penetrate the ground.
You lose your grip on the water moccasin.
* * * LOW HITPOINT WARNING * * *
You feel very sick.
The water moccasin bites you but does no damage. x2
You smack the water moccasin!
The water moccasin is severely wounded.
* * * LOW HITPOINT WARNING * * *
You feel sick.
The water moccasin bites you but does no damage.
You smack the water moccasin!
You kill the water moccasin!
Makhleb accepts your kill.
* * * LOW HITPOINT WARNING * * *
You feel sick.
Your Stealth skill gained 2 levels and is now at level 3!
Your Unarmed Combat skill increases to level 4!
You have reached level 5!
You feel clever.
It was a potion of haste.
You feel yourself speed up.
* * * LOW HITPOINT WARNING * * *
You feel sick.
It was a potion of brilliance.
You feel clever all of a sudden.
* * * LOW HITPOINT WARNING * * *
You feel sick.
It was a potion of cancellation.
Your magical effects are unravelling.
You feel magically purged.
You feel less wooden.
You feel yourself slow down.
You feel a little less clever now.
You die...

### .... .....
#############.....$
#∩.........@†.....(
########.####.....$
#.# ..... #.# ....
#.# ### #.# #.#
##.## ##...##


There were no monsters in sight!

Vanquished Creatures
  A water moccasin (Sewer)
  An adder (D:2)
  2 worms
  8 bats
  An endoplasm (D:2)
  4 giant cockroaches
  4 goblins
  9 hobgoblins
  2 jackals (D:2)
  2 kobolds (D:2)
  2 quokkas (D:2)
  3 ball pythons
  5 rats
44 creatures vanquished.

Notes
Turn   | Place    | Note
-------+----------+-------------------------------------------
     0 | D:1      | vulpzor the Octopode Transmuter began the quest for the
                  | Orb.
     0 | D:1      | Reached XP level 1. HP: 13/13 MP: 3/3
    85 | D:1      | Reached XP level 2. HP: 12/18 MP: 5/5
   244 | D:1      | Found a faded altar of an unknown god.
   246 | D:1      | Prayed at the altar of an unknown god.
   246 | D:1      | Became a worshipper of Lugonu the Unformed
   246 | D:1      | Reached * piety under Lugonu
   246 | D:1      | Reached ** piety under Lugonu
  1030 | D:2      | Reached XP level 3. HP: 12/23 MP: 6/6
  1737 | D:2      | Reached skill level 1 in Stealth
  2089 | D:3      | Found a burning altar of Makhleb.
  2097 | D:3      | Fell from the grace of Lugonu
  2097 | D:3      | Became a worshipper of Makhleb the Destroyer
  2484 | D:3      | Found a glowing drain.
  2496 | D:3      | Reached XP level 4. HP: 28/28 MP: 7/7
  2504 | Sewer    | Entered a sewer
  2659 | Sewer    | Noticed a water moccasin
  2672 | Sewer    | Killed a water moccasin
  2673 | Sewer    | Reached skill level 4 in Unarmed Combat
  2673 | Sewer    | Reached XP level 5. HP: 4/34 MP: 6/8
  2674 | Sewer    | HP: 2/51 [poisoned by a water moccasin]
  2675 | Sewer    | Succumbed to a water moccasin's poison

Illustrated notes

Levels and vault maps discovered:
D:1:      giann_horns, layout_basic, chequers_ecumenical_altar_twisty
D:2:      minmay_spotlight, layout_rooms, minmay_tall_x
D:3:      layout_basic, mainiacjoe_overflow_small_starburst,
          portal_sewer_entry_a
Sewer:    sewer_big_baddie

Skill      XL: |  1  2  3  4 |
---------------+-------------+-----
Stealth        | 1 3 |  3.3
Unarmed Combat | 4 |  4.5
Fighting       | |  1.7
Dodging        | |  2.7
Spellcasting   | |  2.2
Transmutations | |  2.1

Action                   |  1- 3 |  4- 6 || total
-------------------------+-------+-------++-------
Melee: Unarmed           |    95 |    24 ||   119
       Constrict         |    26 |     6 ||    32
       Tentacles         |    18 |     2 ||    20
       Punch             |     2 |       ||     2
       Kick              |       |     1 ||     1
 Cast: Beastly Appendage |       |     1 ||     1
  Use: Scroll            |     4 |       ||     4
       Potion            |       |     4 ||     4
 Stab: Sleeping          |     6 |     1 ||     7
Armor: Skin              |     8 |    12 ||    20
Dodge: Dodged            |    56 |    28 ||    84

Table legend: (Time is in decaauts)
 A = Elapsed time spent in this place.
 B = Non-inter-level travel time spent in this place.
 C = Inter-level travel time spent in this place.
 D = Time resting spent in this place.
 E = Time spent auto-exploring this place.
 F = Levels seen in this place.
 G = Mean time per level.
                   A        B        C        D        E       F      G
               +--------+--------+--------+--------+--------+-----+--------+
         Total |   2665 |   2665 |      0 |   1052 |    876 |   4 |  666.2 |
       Dungeon |   2497 |   2497 |      0 |    941 |    876 |   3 |  832.3 |
         Sewer |    168 |    168 |      0 |    111 |      0 |   1 |  168.0 |
               +--------+--------+--------+--------+--------+-----+--------+

Top non-repeatable levels by time:
     D:2: 1494 daAuts
     D:1: 539 daAuts
     D:3: 463 daAuts
   Sewer: 168 daAuts
